[ PARTIDA AOE2 · #458845347 ]
UnrankedJaponeses vs Vikings
Equipo del jugador · DERR
Equipo rival · VICT
[ ANÁLISIS DE REPETICIÓN · EXTRAÍDO DE LA PARTIDA GRABADA ]
Feudal
13:29
Castillos
25:49
Imperial
—
| APM promedio | 18.1 |
| APM pico | 61 |
| eAPM promedio | 12.4 |
| Aldeanos / militares | 85 / 216 |
Foco
⚔️ 37.7% · 🌾 62.3%
Samurai ×45 · Spearman ×41 · Skirmisher ×39 · Militia ×21 · Archer ×20 · Fishing Ship ×19
Feudal
10:17
Castillos
23:04
Imperial
42:53
| APM promedio | 28.6 |
| APM pico | 103 |
| eAPM promedio | 16.7 |
| Aldeanos / militares | 50 / 153 |
Foco
⚔️ 47.8% · 🌾 52.2%
Berserk ×66 · Knight ×32 · Spearman ×19 · Fishing Ship ×19 · Longboat ×11 · Galley ×8
Mapa de la partida
Recursos iniciales + cada clic de construcción. Líneas = muros · curvas = relieve. ◆ oro · ⬟ piedra · ● bayas · ✦ reliquia · ◌ hueco del cierre
Tu base· ✓ Separados por el mapa
Base de broxq· ✓ Separados por el mapa
Terreno inicial suavizado · ◌ = hueco del cierre detectado · pasá el cursor para detalles
Inputs por minuto
— sducourneau - - broxq
Build order — sducourneau
Primeras 150 de 363 acciones detectadas
| 0:03 | Investigar | Loom |
| 0:03 | Crear | Villager (Male) |
| 0:03 | Crear | Villager (Male) |
| 0:06 | Construir | House |
| 0:09 | Construir | House |
| 0:14 | Crear | Villager (Male) |
| 0:15 | Crear | Villager (Male) |
| 0:15 | Crear | Villager (Male) |
| 1:48 | Crear | Villager (Male) |
| 2:13 | Construir | Lumber Camp |
| 2:29 | Crear | Villager (Male) |
| 2:43 | Crear | Villager (Male) |
| 3:19 | Crear | Villager (Male) |
| 3:38 | Crear | Villager (Male) |
| 3:45 | Construir | House |
| 3:52 | Construir | House |
| 4:13 | Crear | Villager (Male) |
| 4:41 | Crear | Villager (Male) |
| 5:05 | Construir | Dock |
| 5:14 | Crear | Villager (Male) |
| 5:51 | Crear | Villager (Male) |
| 6:01 | Crear | Fishing Ship |
| 6:01 | Crear | Fishing Ship |
| 6:09 | Crear | Villager (Male) |
| 6:46 | Crear | Fishing Ship |
| 7:04 | Crear | Villager (Male) |
| 7:18 | Crear | Fishing Ship |
| 7:24 | Crear | Villager (Male) |
| 7:40 | Crear | Fishing Ship |
| 7:50 | Crear | Fishing Ship |
| 8:04 | Crear | Villager (Male) |
| 8:04 | Crear | Villager (Male) |
| 8:05 | Crear | Villager (Male) |
| 8:05 | Crear | Villager (Male) |
| 8:22 | Construir | House |
| 8:25 | Construir | House |
| 8:29 | Crear | Villager (Male) |
| 9:20 | Construir | Dock |
| 9:26 | Crear | Villager (Male) |
| 9:28 | Crear | Villager (Male) |
| 9:42 | Construir | House |
| 9:44 | Construir | House |
| 9:48 | Crear | Fishing Ship |
| 10:21 | Crear | Fishing Ship |
| 10:21 | Crear | Fishing Ship |
| 10:30 | Crear | Villager (Male) |
| 10:55 | Construir | House |
| 10:57 | Construir | House |
| 11:15 | Construir | Lumber Camp |
| 11:19 | Investigar | Feudal Age |
| 11:24 | Crear | Fishing Ship |
| 11:28 | Crear | Fishing Ship |
| 11:48 | Crear | Fishing Ship |
| 12:22 | Construir | Mill |
| 12:28 | Crear | Fishing Ship |
| 12:30 | Crear | Fishing Ship |
| 12:46 | Crear | Fishing Ship |
| 12:47 | Crear | Fishing Ship |
| 12:47 | Crear | Fishing Ship |
| 13:10 | Construir | Barracks |
| 13:13 | Crear | Villager (Male) |
| 13:22 | Construir | Mining Camp |
| 13:29 | Edad | Edad Feudal |
| 13:46 | Crear | Villager (Male) |
| 13:56 | Crear | Fishing Ship |
| 13:59 | Crear | Fishing Ship |
| 14:13 | Investigar | Tech 906 |
| 14:17 | Investigar | Horse Collar |
| 14:22 | Investigar | Double-Bit Axe |
| 14:32 | Investigar | Man-at-Arms (upgrade) |
| 14:33 | Crear | Militia |
| 14:37 | Crear | Villager (Male) |
| 14:43 | Crear | Villager (Male) |
| 14:44 | Crear | Villager (Male) |
| 15:14 | Crear | Fire Galley |
| 15:18 | Crear | Villager (Male) |
| 15:27 | Construir | Lumber Camp |
| 15:38 | Crear | Galley |
| 15:59 | Crear | Villager (Male) |
| 16:09 | Crear | Galley |
| 16:39 | Crear | Fire Galley |
| 16:42 | Crear | Fire Galley |
| 16:43 | Crear | Villager (Male) |
| 16:43 | Crear | Villager (Male) |
| 16:46 | Construir | House |
| 16:52 | Construir | House |
| 16:53 | Crear | Spearman |
| 16:54 | Crear | Spearman |
| 16:54 | Crear | Spearman |
| 16:54 | Crear | Spearman |
| 17:39 | Crear | Galley |
| 17:41 | Crear | Galley |
| 17:42 | Crear | Villager (Male) |
| 17:43 | Crear | Villager (Male) |
| 17:43 | Crear | Villager (Male) |
| 17:50 | Construir | Blacksmith |
| 17:53 | Construir | Market |
| 18:27 | Construir | Farm |
| 18:27 | Construir | Farm |
| 18:27 | Construir | Farm |
| 18:28 | Construir | Farm |
| 18:28 | Construir | Farm |
| 18:28 | Construir | Farm |
| 18:28 | Construir | Farm |
| 18:29 | Construir | Farm |
| 18:30 | Construir | Farm |
| 18:32 | Construir | Farm |
| 18:36 | Investigar | Horse Collar |
| 18:41 | Crear | Villager (Male) |
| 18:45 | Crear | Fire Galley |
| 18:47 | Crear | Fire Galley |
| 19:08 | Construir | Dock |
| 19:21 | Construir | Dock |
| 19:25 | Crear | Villager (Male) |
| 19:34 | Construir | House |
| 19:35 | Construir | House |
| 19:35 | Construir | House |
| 19:40 | Construir | House |
| 19:41 | Construir | House |
| 19:41 | Construir | House |
| 19:42 | Construir | House |
| 19:42 | Construir | House |
| 19:57 | Crear | Galley |
| 20:00 | Crear | Galley |
| 20:06 | Crear | Transport Ship |
| 20:15 | Construir | Farm |
| 20:18 | Construir | Farm |
| 20:23 | Crear | Villager (Male) |
| 20:31 | Crear | Villager (Male) |
| 20:32 | Crear | Villager (Male) |
| 20:47 | Construir | Farm |
| 21:04 | Crear | Militia |
| 21:04 | Crear | Militia |
| 21:04 | Crear | Militia |
| 21:05 | Crear | Militia |
| 21:22 | Investigar | Forging |
| 21:29 | Construir | Mining Camp |
| 21:30 | Crear | Villager (Male) |
| 21:44 | Crear | Galley |
| 21:45 | Crear | Galley |
| 21:51 | Crear | Galley |
| 21:51 | Crear | Galley |
| 21:58 | Construir | Watch Tower |
| 22:18 | Construir | House |
| 22:20 | Construir | House |
| 22:21 | Construir | House |
| 22:44 | Crear | Militia |
| 22:44 | Crear | Militia |
| 23:09 | Investigar | Castle Age |
| 23:34 | Construir | Barracks |
Build order — broxq
Primeras 150 de 290 acciones detectadas
| 0:04 | Construir | House |
| 0:06 | Construir | House |
| 0:09 | Crear | Villager (Male) |
| 0:09 | Crear | Villager (Male) |
| 0:09 | Crear | Villager (Male) |
| 0:43 | Crear | Villager (Male) |
| 1:56 | Crear | Villager (Male) |
| 1:57 | Crear | Villager (Male) |
| 2:46 | Crear | Villager (Male) |
| 3:14 | Crear | Villager (Male) |
| 3:14 | Crear | Villager (Male) |
| 3:45 | Construir | House |
| 3:47 | Construir | House |
| 3:52 | Crear | Villager (Male) |
| 4:08 | Crear | Villager (Male) |
| 4:23 | Construir | Mill |
| 4:36 | Crear | Villager (Male) |
| 4:37 | Crear | Villager (Male) |
| 5:00 | Crear | Villager (Male) |
| 5:38 | Crear | Villager (Male) |
| 6:16 | Construir | Lumber Camp |
| 6:28 | Crear | Villager (Male) |
| 6:52 | Crear | Villager (Male) |
| 7:09 | Crear | Villager (Male) |
| 7:38 | Construir | Dock |
| 8:07 | Investigar | Feudal Age |
| 8:30 | Crear | Fishing Ship |
| 8:30 | Crear | Fishing Ship |
| 9:02 | Construir | House |
| 9:04 | Construir | House |
| 10:04 | Construir | Dock |
| 10:17 | Edad | Edad Feudal |
| 10:20 | Crear | Villager (Male) |
| 10:20 | Crear | Villager (Male) |
| 10:21 | Crear | Villager (Male) |
| 10:26 | Crear | Fishing Ship |
| 10:27 | Crear | Fishing Ship |
| 11:03 | Construir | Mining Camp |
| 11:06 | Crear | Villager (Male) |
| 11:50 | Crear | Unit 2626 |
| 11:52 | Crear | Fire Galley |
| 11:56 | Crear | Villager (Male) |
| 12:09 | Construir | Lumber Camp |
| 12:14 | Crear | Villager (Male) |
| 12:34 | Construir | House |
| 12:35 | Construir | House |
| 12:43 | Crear | Villager (Male) |
| 12:43 | Crear | Villager (Male) |
| 12:50 | Crear | Fishing Ship |
| 12:50 | Crear | Fishing Ship |
| 13:45 | Crear | Villager (Male) |
| 13:45 | Crear | Villager (Male) |
| 14:13 | Crear | Transport Ship |
| 14:16 | Crear | Fishing Ship |
| 14:16 | Crear | Fishing Ship |
| 14:16 | Crear | Fishing Ship |
| 14:48 | Crear | Villager (Male) |
| 14:48 | Crear | Villager (Male) |
| 16:00 | Construir | Farm |
| 16:01 | Construir | Farm |
| 16:01 | Construir | Farm |
| 16:03 | Construir | Farm |
| 16:04 | Construir | Farm |
| 17:39 | Construir | House |
| 17:40 | Construir | House |
| 18:14 | Construir | Market |
| 18:32 | Crear | Fire Galley |
| 18:32 | Crear | Fire Galley |
| 18:32 | Crear | Fire Galley |
| 18:33 | Crear | Fire Galley |
| 18:39 | Crear | Fishing Ship |
| 18:39 | Crear | Fishing Ship |
| 18:39 | Crear | Fishing Ship |
| 18:57 | Construir | Barracks |
| 19:46 | Construir | Blacksmith |
| 19:50 | Crear | Spearman |
| 19:51 | Crear | Spearman |
| 19:51 | Crear | Spearman |
| 20:24 | Investigar | Castle Age |
| 20:37 | Crear | Unit 2626 |
| 20:37 | Crear | Unit 2626 |
| 20:38 | Crear | Unit 2626 |
| 20:38 | Crear | Unit 2626 |
| 20:54 | Construir | House |
| 20:55 | Construir | House |
| 21:09 | Construir | Mining Camp |
| 22:25 | Crear | Unit 2626 |
| 22:26 | Crear | Unit 2626 |
| 22:26 | Crear | Unit 2626 |
| 23:04 | Edad | Edad de los Castillos |
| 23:09 | Construir | Town Center |
| 23:13 | Investigar | Pikeman (upgrade) |
| 23:25 | Crear | Longboat |
| 23:25 | Crear | Longboat |
| 23:25 | Crear | Longboat |
| 23:40 | Investigar | Squires |
| 23:54 | Investigar | War Galley (upgrade) |
| 24:29 | Crear | Spearman |
| 24:29 | Crear | Spearman |
| 24:29 | Crear | Spearman |
| 24:30 | Crear | Spearman |
| 24:40 | Crear | Longboat |
| 24:40 | Crear | Longboat |
| 24:40 | Crear | Longboat |
| 24:41 | Crear | Longboat |
| 25:19 | Construir | House |
| 25:20 | Construir | House |
| 25:21 | Construir | House |
| 25:23 | Crear | Villager (Male) |
| 25:24 | Crear | Villager (Male) |
| 25:24 | Crear | Villager (Male) |
| 25:24 | Crear | Villager (Male) |
| 25:37 | Crear | Villager (Male) |
| 25:37 | Crear | Villager (Male) |
| 25:37 | Crear | Villager (Male) |
| 25:38 | Crear | Villager (Male) |
| 25:38 | Crear | Villager (Male) |
| 26:06 | Construir | Stable |
| 26:16 | Crear | Longboat |
| 26:16 | Crear | Longboat |
| 26:16 | Crear | Longboat |
| 26:53 | Construir | Castle |
| 26:58 | Crear | Villager (Male) |
| 26:58 | Crear | Villager (Male) |
| 26:58 | Crear | Villager (Male) |
| 26:58 | Crear | Villager (Male) |
| 27:12 | Crear | Knight |
| 27:12 | Crear | Knight |
| 27:13 | Crear | Knight |
| 27:13 | Crear | Knight |
| 27:33 | Crear | Longboat |
| 27:56 | Construir | House |
| 27:57 | Construir | House |
| 28:28 | Crear | Berserk |
| 28:28 | Crear | Berserk |
| 28:29 | Crear | Berserk |
| 28:29 | Crear | Berserk |
| 28:29 | Crear | Berserk |
| 28:53 | Construir | Stable |
| 28:56 | Crear | Knight |
| 28:56 | Crear | Knight |
| 28:57 | Crear | Knight |
| 29:48 | Crear | Berserk |
| 29:48 | Crear | Berserk |
| 29:48 | Crear | Berserk |
| 31:21 | Crear | Galley |
| 31:22 | Crear | Galley |
| 31:22 | Crear | Galley |
| 31:22 | Crear | Galley |
| 32:04 | Crear | Knight |
Cronología de la partida
| 5:05 | sducourneau · first_building Dock |
| 7:38 | broxq · first_building Dock |
| 10:17 | broxq · age_up feudal |
| 13:10 | sducourneau · first_building Barracks |
| 13:29 | sducourneau · age_up feudal |
| 18:57 | broxq · first_building Barracks |
| 22:56 | sducourneau · first_market_sell 100 stone |
| 23:04 | broxq · age_up castle |
| 23:36 | sducourneau · first_building Archery Range |
| 25:49 | sducourneau · age_up castle |
| 26:06 | broxq · first_building Stable |
| 26:38 | broxq · first_market_buy 100 stone |
| 26:53 | broxq · first_building Castle |
| 29:34 | sducourneau · first_market_buy 100 wood |
| 31:16 | sducourneau · first_building Castle |
| 33:48 | broxq · first_building Siege Workshop |
| 34:03 | sducourneau · first_building Siege Workshop |
| 39:08 | sducourneau · first_building Monastery |
| 42:53 | broxq · age_up imperial |
| 52:08 | sducourneau · resign |
[ ANÁLISIS IA · 1 CRÉDITO ]
¿Qué pasó realmente en esta partida?
Wolo.gg analiza cada decisión: build order, eco, micro, errores típicos por bracket. Análisis personalizado por WhatsApp o Discord en 30 segundos.
Guía civ
Japoneses
Perfil
Jugador #8599372